 Dungeon Crawl Stone Soup version 0.19-a0-1882-gbb73ea0 (webtiles) character file.

75 GameOver the Caller (level 4, -1/36 HPs)
             Began as a Naga Summoner on Oct 14, 2016.
             Slain by a crimson imp (4 damage)
             ... summoned by jerryfan's ghost
             ... on level 3 of the Dungeon.
             The game lasted 00:08:45 (1683 turns).

GameOver the Caller (Naga Summoner)                 Turns: 1683, Time: 00:08:45

Health: -1/36      AC:  2    Str: 11    XL:     4   Next: 31%
Magic:  4/7        EV: 15    Int: 16    God:
Gold:   82         SH:  0    Dex: 16    Spells: 1 memorised, 4 levels left

rFire  + . .     SeeInvis +     o - +0 short sword (venom)
rCold  + . .     Gourm    .     a - +0 robe
rNeg   . . .     Faith    .     (no shield)
rPois  +         Spirit   .     (no helmet)
rElec  +         Dismiss  .     (no cloak)
rCorr  +         Reflect  .     (no gloves)
MR     .....     Harm     .     (no barding)
Stlth  +++.......               (no amulet)
                                (no ring)
                                (no ring)

@: agile, resistant, flying, very slow
A: see invisible, deformed body, poison resistance, slowness 2, slow metabolism
1, spit poison 1, AC +1
a: Spit Poison


You were on level 3 of the Dungeon.
You were not hungry.

You visited 1 branch of the dungeon, and saw 3 of its levels.

You collected 82 gold pieces.

Inventory:

Hand Weapons
 o - a +0 short sword of venom (weapon)
Missiles
 h - 64 stones (quivered)
 l - 48 sling bullets
 s - 18 bolts
Armour
 a - a +0 robe (worn)
 d - a +0 buckler
 p - a cursed +0 leather armour
Scrolls
 i - a scroll of amnesia
 k - a scroll of teleportation
 n - a scroll of identify {unknown}
 t - a scroll of enchant armour {unknown}
 u - a scroll of remove curse {unknown}
Potions
 f - a potion of agility
 g - a potion of brilliance {unknown}
 j - a potion of flight
Books
 b - a book of Callings

   Spells                             Type                      Level
   a - Summon Small Mammal            Summoning                    1
   b - Call Imp                       Summoning                    2
   c - Call Canine Familiar           Summoning                    3
   d - Summon Guardian Golem          Hexes/Summoning              3
   e - Summon Lightning Spire         Summoning/Air                4
   f - Summon Ice Beast               Ice/Summoning                4
 v - a book of Misfortune

   Spells                             Type                      Level
   a - Confusing Touch                Hexes                        1
   b - Confuse                        Hexes                        3
   c - Gell's Gravitas                Hexes/Translocation          3
   d - Petrify                        Transmutation/Earth          4
   e - Metabolic Englaciation         Hexes/Ice                    5
   f - Yara's Violent Unravelling     Hexes/Transmutation          5
Comestibles
 c - 3 bread rations
 m - 2 meat rations
 q - a beef jerky
 r - 4 chunks of flesh


   Skills:
 - Level 1.5 Dodging
 - Level 3.0 Stealth
 - Level 2.0 Spellcasting
 + Level 5.7 Summonings


You had 4 spell levels left.
You knew the following spells:

 Your Spells              Type           Power        Failure   Level  Hunger
w - Call Canine Familiar  Summ           ###.....     8%          3    ###....


Dungeon Overview and Level Annotations

Branches:
Dungeon (3/15)

Altars:
Dithmenos
Sif Muna

Annotations:
D:3 jerryfan's ghost, amateur DrWz


Innate Abilities, Weirdness & Mutations

You cannot wear boots.
Your serpentine skin is tough. (AC +1)
You have supernaturally acute eyesight. (SInv)
Armour fits poorly on your strangely shaped body.
Your system is resistant to poisons. (rPois)
You cover ground very slowly.
You have a slow metabolism.
You can spit poison.


Message History

The shadow imp gestures at you. Pain shoots through your body!
* * * LOW HITPOINT WARNING * * *
Your hound bites jerryfan's ghost.
Jerryfan's ghost hits your hound.
Your hound dies!
Your hound's corpse disappears in a puff of smoke!
Jerryfan's ghost gestures wildly while chanting.
It was a potion of agility.
You feel agile all of a sudden. The shadow imp gestures at you.
You struggle to resist.
The crimson imp grinds its teeth.
The crimson imp blinks!
It was a potion of flight.
You feel very buoyant.
You fly up into the air.
It was a potion of resistance.
You feel protected. The crimson imp hits you.
You die...

##.... # .# ..#.# #.#
# ...# #.#.# #.#
.....#<#.#####.# ##.#
......W.........# #...
...####....####.# #..#
####.# #.# #..#
#>####.######## #..#
### ##.....@55.W...#
#..#
##.####.<.#####.####5#
#?.#### #<........#
#.# #.# #.h....
##.####...# #.# #5#
#.##### #.# ###.#
#.####h###.# #.# #.#
#......W...# #.# #.#
#.####.##### #.# #.#
#.# #.# #.###.# .# #.#


You could see jerryfan's ghost, a crimson imp, a white imp and a shadow imp.

Vanquished Creatures
  A worm (D:2)
  3 dart slugs
  A leopard gecko (D:1)
  4 bats
  2 giant cockroaches (D:2)
  5 goblins (D:2)
  7 hobgoblins
  A quokka (D:1)
  A frilled lizard (D:2)
  A kobold (D:2)
  3 rats (D:2)
29 creatures vanquished.

Vanquished Creatures (collateral kills)
  3 adders
  An ooze (D:2)
  3 worms (D:2)
  A goblin (D:1)
  2 hobgoblins
  2 kobolds
  A bat (D:1)
  A rat (D:1)
14 creatures vanquished.

Grand Total: 43 creatures vanquished

Notes
Turn   | Place    | Note
-------+----------+-------------------------------------------
     0 | D:1      | GameOver the Naga Summoner began the quest for the Orb.
     0 | D:1      | Reached XP level 1. HP: 15/15 MP: 3/3
   131 | D:1      | Reached XP level 2. HP: 22/22 MP: 5/5
   744 | D:2      | Found a shadowy altar of Dithmenos.
   745 | D:2      | Reached XP level 3. HP: 28/28 MP: 6/6
   753 | D:2      | Learned a level 3 spell: Call Canine Familiar
   796 | D:2      | Reached skill level 5 in Summonings
  1171 | D:2      | Reached XP level 4. HP: 36/36 MP: 4/7
  1245 | D:2      | Found a deep blue altar of Sif Muna.
  1415 | D:3      | Noticed jerryfan's ghost (amateur DrWz)
  1683 | D:3      | Slain by a crimson imp

Vault maps used:
D:1:      dpeg_arrival_arbitrary_c
D:2:      grunt_dithmenos_smoke, led_sif_pool

Skill      XL: |  1  2  3 |
---------------+----------+-----
Summonings     | 5 |  5.7
Dodging        | |  1.5
Stealth        | |  3.0
Spellcasting   | |  2.0

Action                   |  1- 3 |  4- 6 || total
-------------------------+-------+-------++-------
Melee: Dagger            |    15 |       ||    15
       Whip              |     1 |       ||     1
       Short sword       |    13 |    14 ||    27
 Cast: Summon Small Mamm |    14 |       ||    14
       Call Canine Famil |     3 |     4 ||     7
 Abil: Spit Poison       |    36 |     5 ||    41
  Use: Potion            |       |     3 ||     3
       Scroll            |       |     2 ||     2
  Eat: Chunk             |     3 |     2 ||     5
Armor: Robe              |     2 |     7 ||     9
Dodge: Dodged            |    16 |     5 ||    21
